 Dungeon Crawl Stone Soup version 0.19-a0-1320-g0178847 (webtiles) character file.

109 4thArraOfDagon the Ruffian (level 4, 0/39 HPs)
             Began as a Troll Ice Elementalist on Aug 31, 2016.
             Was a Follower of the Shining One.
             Succumbed to a scorpion's poison
             ... on level 4 of the Dungeon.
             The game lasted 00:05:33 (788 turns).

4thArraOfDagon the Ruffian (Troll Ice Elementalist)  Turns: 788, Time: 00:05:33

Health: 0/39       AC:  5    Str: 13 (16) XL:     4   Next: 59%
Magic:  4/4        EV: 15    Int: 10 (12) God:    the Shining One [*.....]
Gold:   61         SH:  0    Dex: 12 (15) Spells: 1 memorised, 4 levels left

rFire  . . .     SeeInvis .       - Unarmed
rCold  . . .     Gourm    +     a - +0 robe
rNeg   . . .     Faith    .     (no shield)
rPois  .         Spirit   .     (helmet restricted)
rElec  .         Dismiss  .     (no cloak)
rCorr  .         Reflect  .     (gloves unavailable)
MR     .....     Harm     .     (boots unavailable)
Stlth  +.........               (no amulet)
                                (no ring)
                                (no ring)

@: agile, lethally poisoned (0 -> -2), glowing, invisible (but backlit and
visible)
A: unfitting armour, claws 3, fast metabolism 3, gourmand, regeneration 1,
shaggy fur 1, tough skin 2
a: Renounce Religion


You were on level 4 of the Dungeon.
You worshipped the Shining One.
The Shining One was aware of your devotion.
You were very full.

You visited 1 branch of the dungeon, and saw 4 of its levels.

You collected 61 gold pieces.

Inventory:

Armour
 a - a +0 robe (worn)
Wands
 h - a wand of digging (7/24)
 l - a wand of lightning (9/15)
Scrolls
 g - a scroll of noise {unknown}
 o - a scroll of fear {unknown}
Potions
 i - 2 potions of agility
 k - a potion of ambrosia {unknown}
 m - a potion of might {unknown}
 n - a potion of brilliance {unknown}
Books
 b - a book of Frost

   Spells                             Type                      Level
   a - Freeze                         Ice                          1
   b - Throw Frost                    Conjuration/Ice              2
   c - Ozocubu's Armour               Charms/Ice                   3
   d - Throw Icicle                   Conjuration/Ice              4
   e - Summon Ice Beast               Ice/Summoning                4
Comestibles
 c - 6 bread rations
 d - a slice of pizza
 j - 2 meat rations


   Skills:
 - Level 1.5 Dodging
 - Level 1.1 Stealth
 * Level 4.3 Unarmed Combat
 - Level 1.2 Spellcasting
   Level 0.6 Conjurations
 - Level 2.1 Ice Magic


You had 4 spell levels left.
You knew the following spells:

 Your Spells              Type           Power        Failure   Level  Hunger
a - Freeze                Ice            #...         14%         1    ##.....


Dungeon Overview and Level Annotations

Branches:
Dungeon (4/15)
 Temple: D:4-7

Altars:
Elyvilon
The Shining One

Annotations:
D:3 Terence


Innate Abilities, Weirdness & Mutations

You are too large for most types of armour.
You have claws for hands.
Your metabolism is lightning-fast.
You like to eat raw meat.
Your natural rate of healing is unusually fast.
You are covered in fur. (AC +1)
You have very tough skin. (AC +2)


Message History

* * * LOW HITPOINT WARNING * * *
You feel sick.
Unknown command.
* * * LOW HITPOINT WARNING * * *
You feel sick.
Unknown command.
It was a potion of agility.
You feel agile all of a sudden.
* * * LOW HITPOINT WARNING * * *
You feel sick. The scorpion barely misses you.
Unknown command.
It was a potion of degeneration.
There was something very wrong with that liquid.
You feel weakened.
You feel dopey.
You feel clumsy.
* * * LOW HITPOINT WARNING * * *
You feel sick. The scorpion closely misses you.
Unknown command.
It was a potion of invisibility.
You become transparent, but the glow from your halo prevents you from becoming completely invisible.
You die...

.#..♣# #♣⌠.⌠♣# ..#
...♣# #♣♣♣# ..# ...#
.. ...# ##.# #..#
#..# #..# ##l# #..#
#..# #..### ###.##
#....### ###@sl#
#.##...#######...###
#.####.........###
..# #######.### ###
#.# #.# #.# #.# #.#


You could see a scorpion and an iguana.

Vanquished Creatures
  An orc priest (D:4)
  Jessica (D:3)
  A hound skeleton (D:4)
  An adder (D:2)
  A worm (D:3)
  2 dart slugs
  A giant gecko (D:2)
  2 orcs (D:4)
  A giant cockroach (D:3)
  A goblin (D:2)
  3 kobolds
  A quokka (D:2)
  2 ball pythons
  4 bats
  2 giant newts (D:3)
  3 rats
27 creatures vanquished.

Notes
Turn   | Place    | Note
-------+----------+-------------------------------------------
     0 | D:1      | 4thArraOfDagon the Troll Ice Elementalist began the quest for the Orb.
     0 | D:1      | Reached XP level 1. HP: 16/16 MP: 1/1
    11 | D:1      | You fall through a shaft!
    46 | D:2      | Found a glowing golden altar of the Shining One.
    54 | D:2      | Became a worshipper of the Shining One
    74 | D:2      | Reached skill level 1 in Unarmed Combat
    74 | D:2      | Reached XP level 2. HP: 16/24 MP: 0/2
    97 | D:3      | Noticed Terence
   102 | D:2      | Reached skill level 2 in Unarmed Combat
   130 | D:3      | Noticed Jessica
   148 | D:3      | Killed Jessica
   148 | D:3      | Reached skill level 3 in Unarmed Combat
   148 | D:3      | Reached XP level 3. HP: 19/31 MP: 1/3
   353 | D:2      | ty
   406 | D:3      | Turgon: Congrats for beating TrGl in < 30 k
   484 | D:3      | 4thArraOfDagon: oh hey
   484 | D:3      | 4thArraOfDagon: thanks, well it wasnt my aim, just want to get greattroll
   484 | D:3      | Turgon: I see
   484 | D:3      | 4thArraOfDagon: if if the score is good, thats a bonus
   484 | D:3      | 4thArraOfDagon: but thats how it looks like with speedrun gods
   484 | D:3      | 4thArraOfDagon: i just cant resist
   514 | D:3      | Turgon: Funnily, my 84 k TrGl was combo highscore for some years!
   572 | D:4      | 4thArraOfDagon: haha ya thats a funny thing
   587 | D:4      | 4thArraOfDagon: it only proves that people doesnt care about score/turns etc
   599 | D:4      | Reached XP level 4. HP: 38/39 MP: 4/4
   600 | D:4      | Turgon: I think I said you before - for quite a while I considered 80 k alright for a speedrun
   600 | D:4      | 4thArraOfDagon: so its not me being great or good, but people don't caring more likely
   609 | D:4      | Noticed an orc warrior
   612 | D:4      | Reached skill level 4 in Unarmed Combat
   622 | D:3      | 4thArraOfDagon: yes, i remember this!
   623 | D:3      | 4thArraOfDagon: that was like 2 or 3 years ago>
   715 | D:4      | Turgon: My aim was: get 3rd rune (silver) in about 50 k
   719 | D:4      | Found a white marble altar of Elyvilon.
   767 | D:4      | Turgon: Get the other 12 runes in another 30 k
   768 | D:4      | Reached * piety under the Shining One
   786 | D:4      | HP: 1/39 [poisoned by a scorpion]
   788 | D:4      | Succumbed to a scorpion's poison

Vault maps used:
D:1:      lemuel_arrival_behind_the_door_small
D:2:      lemuel_round_altar, first_bread, roderic_ancient_swastika,
          st_stairs_10
D:3:      uniq_jessica, uniq_terence
D:4:      kennysheep_ying_yang, grunt_decor_mini_mirrors

Skill      XL: |  1  2  3  4 |
---------------+-------------+-----
Unarmed Combat | 1 3 4 |  4.3
Dodging        | |  1.5
Stealth        | |  1.1
Spellcasting   | |  1.2
Conjurations   | |  0.6
Ice Magic      | |  2.1

Action                   |  1- 3 |  4- 6 || total
-------------------------+-------+-------++-------
Melee: Unarmed           |    68 |    17 ||    85
       Punch             |     1 |       ||     1
 Cast: Freeze            |     3 |       ||     3
  Use: Potion            |       |     3 ||     3
       Scroll            |       |     1 ||     1
  Eat: Chunk             |    10 |     1 ||    11
Armor: Robe              |    22 |     1 ||    23
Dodge: Dodged            |    38 |     9 ||    47
